 Dungeon Crawl Stone Soup version 0.26-a0-651-gb41185065b (webtiles) character file.

Game seed: 7797839497180803563

124 Flugslaktarn the Shield-Bearer (level 4, -1/44 HPs)
             Began as a Deep Dwarf Fighter on Oct 19, 2020.
             Slain by an ogre
             ... wielding a cursed -2 giant club
              (21 damage)
             ... on level 4 of the Dungeon.
             The game lasted 00:00:21 (357 turns).

Flugslaktarn the Shield-Bearer (Deep Dwarf Fighter)  Turns: 357, Time: 00:00:22

Health: -1/44      AC: 10    Str: 20    XL:     4   Next: 81%
Magic:  4/4        EV:  5    Int:  8    God:
Gold:   42         SH:  9    Dex: 13    Spells: 3/3 levels left

rFire    . . .     SeeInvis .   a - +0 war axe
rCold    . . .     Faith    .   c - +0 kite shield
rNeg     . . .     Spirit   .   f - +0 chain mail
rPois    .         Reflect  .   l - +1 hat
rElec    .         Harm     .   (no cloak)
rCorr    .         Rampage  .   (no gloves)
MR       .....                  (no boots)
Stlth    ..........             (no amulet)
HPRegen  0.00/turn              (no ring)
MPRegen  0.09/turn              (no ring)

@: lethally poisoned (-1 -> -1), non-regenerating
A: damage resistance, heal wounds, sense surroundings 1, no regeneration
a: Heal Wounds


You were on level 4 of the Dungeon.
You visited 1 branch of the dungeon, and saw 4 of its levels.

You collected 42 gold pieces.

Inventory:

Hand Weapons
 a - a +0 war axe (weapon)
Armour
 b - a +0 scale mail
 c - a +0 kite shield (worn)
 f - a +0 chain mail (worn)
   (You found it on level 1 of the Dungeon)
 l - a +1 hat (worn)
   (You found it on level 1 of the Dungeon)
Scrolls
 e - a scroll of blinking {unknown}
 h - 2 scrolls of identify {unknown}
 m - a scroll of remove curse {unknown}
Potions
 d - a potion of might
 g - a potion of stabbing {unknown}
 i - a potion of magic {unknown}
 j - a potion of lignification {unknown}
 k - a potion of brilliance {unknown}


   Skills:
 * Level 3.6 Fighting
 * Level 3.6 Axes
 + Level 3.9 Armour
 + Level 3.9 Shields


You had 3 spell levels left.
You didn't know any spells.
Your spell library was empty.

Dungeon Overview and Level Annotations

Branches:
Dungeon (4/15)
 Temple: D:4-7

Altars:


Innate Abilities, Weirdness & Mutations

You are resistant to damage.
You can heal yourself by infusing magical energy.
You passively map a small area around you.
You do not regenerate.


Message History

You closely miss the giant cockroach.
The giant cockroach bites you but does no damage.
The giant cockroach closely misses you. The frilled lizard bites you.
You block the giant cockroach's attack.
You barely miss the ogre. You closely miss the frilled lizard.
You closely miss the giant cockroach. You barely miss the giant cockroach.
The giant cockroach bites you but does no damage.
The frilled lizard bites you.
The giant cockroach bites you but does no damage.
The ogre hits you with a cursed -2 giant club!!
The giant cockroach bites you but does no damage.
You block the frilled lizard's attack.
You slash the ogre!
The ogre is heavily wounded.
You barely miss the giant cockroach. You closely miss the giant cockroach.
You miss the frilled lizard.
The giant cockroach bites you but does no damage.
You block the giant cockroach's attack.
The ogre hits you with a cursed -2 giant club!!
You die...

.#,... * . #.. *
.,.. ,# #.#. .#
####.#.#### *.# *
..<.......# #.## ,
,
###....>..##...##..
*
.......<#.#ss......
, ,
###...#.#†#@l......
, ##. #.#...O......
, ,
....^.......#....,
* .........#.###
... , ## #.##.###.#
* . * * . #.#*#.# ,
... ..# * .. ###
,## *


You could see an ogre, 2 giant cockroaches and a frilled lizard.

Vanquished Creatures
  An ogre (D:2)
  A worker ant (D:4)
  An ooze (D:2)
  A worm (D:2)
  3 goblins
  2 kobolds (D:1)
  2 rats (D:3)
11 creatures vanquished.

Vanquished Creatures (others)
  2 plants (D:2)
2 creatures vanquished.

Grand Total: 13 creatures vanquished

Notes
Turn   | Place    | Note
-------+----------+-------------------------------------------
     0 | D:1      | Flugslaktarn the Deep Dwarf Fighter began the quest for the
                  | Orb.
     0 | D:1      | Reached XP level 1. HP: 20/20 MP: 1/1
   214 | D:2      | Reached XP level 2. HP: 22/27 MP: 2/2
   234 | D:2      | Noticed an ogre
   245 | D:2      | Killed an ogre
   245 | D:2      | Reached XP level 3. HP: 15/34 MP: 3/3
   245 | D:2      | Reached XP level 4. HP: 18/42 MP: 4/4
   351 | D:4      | Noticed an ogre
   357 | D:4      | Slain by an ogre

Illustrated notes

Levels and vault maps discovered:
D:1:      psy_arrival_statuary, layout_rooms
D:2:      layout_loops_ring, serial_forest, infiniplex_forest_clump_C,
          infiniplex_forest_lined_room_3, infiniplex_forest_straight_2,
          infiniplex_forest_clump_double, infiniplex_forest_end_3,
          infiniplex_forest_lined_2, infiniplex_forest_lined_room_2,
          infiniplex_forest_straight_4, infiniplex_forest_end_3
D:3:      layout_basic, gammafunk_ghost_mausoleum
D:4:      layout_loops_ring, kennysheep_little_box,
          grunt_temple_overflow_diamond,
          nicolae_gozag_cash_rules_everything_around_me, uniq_natasha,
          uniq_robin, uniq_eustachio

Skill      XL: |  1  2 |
---------------+-------+-----
Fighting       | 3 |  3.6
Axes           | 3 |  3.6
Armour         | |  3.9
Shields        | |  3.9

Action                   |  1- 3 |  4- 6 || total
-------------------------+-------+-------++-------
Melee: War axe           |    20 |    28 ||    48
 Abil: Heal Wounds       |     1 |     1 ||     2
Armor: Chain mail        |     3 |    20 ||    23
Dodge: Dodged            |     3 |     7 ||    10
Block: Kite shield       |    11 |    17 ||    28

Table legend: (Time is in decaauts)
 A = Elapsed time spent in this place.
 B = Non-inter-level travel time spent in this place.
 C = Inter-level travel time spent in this place.
 D = Time resting spent in this place.
 E = Time spent auto-exploring this place.
 F = Levels seen in this place.
 G = Mean time per level.
                   A        B        C        D        E       F      G
               +--------+--------+--------+--------+--------+-----+--------+
         Total |    376 |    329 |     47 |      0 |    195 |   4 |   94.0 |
       Dungeon |    376 |    329 |     47 |      0 |    195 |   4 |   94.0 |
               +--------+--------+--------+--------+--------+-----+--------+

Top non-repeatable levels by time:
     D:1: 195 daAuts
     D:3: 90 daAuts
     D:2: 63 daAuts
     D:4: 28 daAuts
